 Dungeon Crawl Stone Soup version 0.25.1-9-gc5326a611f (webtiles) character file.

Game seed: 5801972036489976259

780 H0rd4k the Magician (level 7, -1/36 HPs)
             Began as a Deep Elf Wizard on Jan 15, 2021.
             Was an Initiate of Gozag.
             Slain by a centaur
             ... wielding a cursed -1 shortbow
              (6 damage)
             ... on level 5 of the Dungeon.
             The game lasted 00:08:18 (5863 turns).

H0rd4k the Magician (Deep Elf Wizard)               Turns: 5863, Time: 00:08:19

Health: -1/36      AC:  5    Str:  4    XL:     7   Next: 55%
Magic:  1/20       EV: 13    Int: 25    God:    Gozag
Gold:   274        SH:  0    Dex: 13    Spells: 12/21 levels left

rFire    . . .     SeeInvis +   (no weapon)
rCold    . . .     Gourm    .   (no shield)
rNeg     . . .     Faith    +   x - +2 robe {MR+}
rPois    .         Spirit   .   b - +1 hat
rElec    .         Reflect  .   (no cloak)
rCorr    .         Harm     .   (no gloves)
MR       +....                  (no boots)
Stlth    +++.......             c - amulet of faith
HPRegen  0.12/turn              i - ring of stealth
MPRegen  0.17/turn              y - ring of see invisible

@: very slightly contaminated
A: no striking features
a: Potion Petition, Call Merchant, Bribe Branch, Renounce Religion


You were on level 5 of the Dungeon.
You worshipped Gozag.
Gozag was aware of your devotion.
You were not hungry.

You visited 1 branch of the dungeon, and saw 5 of its levels.

You collected 370 gold pieces.
You paid 96 gold pieces to Gozag.

Inventory:

Armour
 a - a +0 robe
 b - a +1 hat (worn)
 x - a +2 robe of magic resistance (worn)
Jewellery
 c - an amulet of faith (around neck)
 i - a ring of stealth (left hand)
 s - an uncursed ring of flight
 v - an uncursed ring of protection from cold
 y - a ring of see invisible (right hand)
Scrolls
 h - 4 scrolls of remove curse
 j - a scroll of enchant weapon
 k - a scroll of fog
 m - a scroll of enchant armour
 p - a scroll of teleportation {unknown}
 t - 2 scrolls of amnesia {unknown}
 z - 3 scrolls of random uselessness {unknown}
Potions
 f - a potion of invisibility {unknown}
 g - 2 potions of heal wounds
 n - a potion of lignification {unknown}
 o - a potion of cancellation
 q - a potion of stabbing {unknown}
 r - a potion of might {unknown}
 u - a potion of berserk rage {unknown}
 w - 2 potions of curing {unknown}
 A - a potion of mutation {unknown}
Comestibles
 d - a ration


   Skills:
 + Level 3.3 Dodging
 + Level 3.3 Stealth
 + Level 7.9 Spellcasting
 + Level 4.4 Conjurations
   Level 1.1 Summonings
 + Level 1.4 Translocations
 + Level 2.6 Fire Magic
 + Level 2.4 Air Magic
 + Level 2.3 Poison Magic


You had 12 spell levels left.
You knew the following spells:

 Your Spells              Type           Power        Failure   Level  Hunger
a - Magic Dart            Conj           ####         1%          1    None
b - Blink                 Tloc           N/A          5%          2    None
c - Conjure Flame         Conj/Fire      ####....     4%          3    None
d - Mephitic Cloud        Conj/Pois/Air  ####....     5%          3    None

Your spell library contained the following spells:

 Spells                   Type           Power        Failure   Level  Hunger
 Call Imp                 Summ           ###.....     6%          2    None
 Slow                     Hex            #.......     10%         2    None


Dungeon Overview and Level Annotations

Branches:
Dungeon (5/15)
 Temple: D:4-7

Altars:
Cheibriados
Gozag
Hepliaklqana
Makhleb
Qazlal
Vehumet
Yredelemnul

Annotations:
D:3 2 transporters
D:5 1 runed translucent door, exclusion: upstairs


Message History

It is a scroll of enchant weapon.
You aren't carrying any weapons that can be enchanted.
The centaur hits you with a cursed -1 shortbow. x2
As you read the scroll labeled GIRUCK OQEE, it crumbles to dust.
The scroll dissolves into smoke.
It was a scroll of fog.
The centaur hits you with a cursed -1 shortbow!
Blink to where?
Press: ? - help, Dir - move target cursor You are very lightly contaminated with residual magic.
As you read the scroll labeled XAAHIO CEOH, it crumbles to dust.
It was a scroll of blinking.
The centaur hits you but does no damage.
As you read the scroll labeled XIREBERAOR, it crumbles to dust.
It is a scroll of enchant armour.
Your +0 hat glows green for a moment.
The centaur hits you with a cursed -1 shortbow!
* * * LOW HITPOINT WARNING * * *
The centaur hits you with a cursed -1 shortbow.
You die...
Your body crumbles into a pile of gold.

#####..# #.c#####..#####.)#####
#.....## #......#..#......#####
#.....# #o.$...#..#......#...#
#....## #####c.#..#..#####....
#....#####......#..#......#...#
#........#......#..#......#...#
#....#####.(#####..#####..#####
#...># #..§c§§§.........#####
#).<.# #..§§@§§.........#....
#....# ######################
######


You could see a centaur.

Vanquished Creatures
  Prince Ribbit (D:5)
  An ice beast (D:5)
  An ogre (D:5)
  Blork the orc (D:4)
  Crazy Yiuf (D:5)
  3 hounds (D:5)
  An iguana (D:5)
  An orc wizard (D:3)
  2 worker ants (D:5)
  A hound skeleton (D:5)
  2 adders
  2 shadow imps (D:5)
  An ooze (D:3)
  2 worms
  4 dart slugs
  2 leopard geckos (D:5)
  10 orcs
  5 giant cockroaches
  5 goblins
  5 hobgoblins
  4 quokkas
  A ball python (D:3)
  8 bats
  4 frilled lizards
  A jackal skeleton (D:5)
  8 kobolds
  A leopard gecko skeleton (D:5)
  17 rats
95 creatures vanquished.

Notes
Turn   | Place    | Note
-------+----------+-------------------------------------------
     0 | D:1      | H0rd4k the Deep Elf Wizard began the quest for the Orb.
     0 | D:1      | Reached XP level 1. HP: 10/10 MP: 7/7
   420 | D:1      | Reached XP level 2. HP: 8/15 MP: 4/9
   862 | D:1      | Reached skill level 5 in Spellcasting
  1366 | D:2      | Reached XP level 3. HP: 19/19 MP: 5/11
  1370 | D:2      | Learned a level 2 spell: Blink
  1374 | D:2      | Learned a level 3 spell: Conjure Flame
  1378 | D:2      | Learned a level 3 spell: Mephitic Cloud
  2107 | D:2      | Found a radiant altar of Vehumet.
  2111 | D:2      | Found a burning altar of Makhleb.
  2336 | D:3      | Found a transporter.
  2336 | D:3      | Found a transporter.
  2336 | D:3      | Found a hazy altar of Hepliaklqana.
  2336 | D:3      | Noticed a two-headed ogre
  2339 | D:3      | Noticed an ice beast
  2495 | D:3      | Reached XP level 4. HP: 24/24 MP: 2/13
  2687 | D:3      | Reached skill level 1 in Poison Magic
  2929 | D:3      | Reached skill level 1 in Fire Magic
  3253 | D:3      | Found a snail-covered altar of Cheibriados.
  3792 | D:4      | Noticed Blork the orc
  3810 | D:4      | Killed Blork the orc
  3810 | D:4      | Reached skill level 6 in Spellcasting
  3810 | D:4      | Reached skill level 1 in Air Magic
  3810 | D:4      | Reached XP level 5. HP: 5/28 MP: 2/15
  4098 | D:4      | Found a stormy altar of Qazlal.
  4102 | D:4      | Noticed a water elemental
  4107 | D:4      | Noticed an air elemental
  4110 | D:4      | Noticed a fire elemental
  4142 | D:5      | Entered Level 5 of the Dungeon
  4142 | D:5      | Found an opulent altar of Gozag.
  4261 | D:5      | Found a runed translucent door.
  4261 | D:5      | Noticed a human
  4284 | D:5      | Found a basalt altar of Yredelemnul.
  4510 | D:5      | Became a worshipper of Gozag Ym Sagoz the Greedy
  4668 | D:5      | Noticed Prince Ribbit
  4698 | D:5      | Killed Prince Ribbit
  4698 | D:5      | Reached XP level 6. HP: 32/32 MP: 9/17
  4789 | D:5      | Found a runed translucent door.
  4790 | D:5      | Noticed Crazy Yiuf
  4800 | D:5      | Killed Crazy Yiuf
  4975 | D:5      | Noticed an ice beast
  5003 | D:5      | Killed an ice beast
  5003 | D:5      | Reached skill level 7 in Spellcasting
  5003 | D:5      | Reached XP level 7. HP: 36/36 MP: 0/19
  5863 | D:5      | Slain by a centaur

Illustrated notes

Levels and vault maps discovered:
D:1:      psy_arrival_conway, layout_loops_corners, minmay_octomino_j4
D:2:      layout_loops_cross, grunt_temple_overflow_open
D:3:      layout_loops_ring, lemuel_crystal_altar,
          gammafunk_temple_overflow_arena
D:4:      layout_basic, doesnt_xom_only_xom, first_ration, dk_noncrumbling_2,
          nicolae_qazlal_style_of_elements, uniq_blork_the_orc
D:5:      kennysheep_windowed_halls, layout_rooms, nicolae_gozag_seed_capital,
          dk_yredelemnul_ordeal, uniq_crazy_yiuf_cottage, uniq_prince_ribbit1

Skill      XL: |  1  2  3  4  5  6  7 |
---------------+----------------------+-----
Spellcasting   | 5 6 7 |  7.9
Dodging        | 3 |  3.3
Conjurations   | 2 3 4 |  4.4
Poison Magic   | 1 2 |  2.3
Fire Magic     | 1 2 |  2.6
Air Magic      | 1 2 |  2.4
Stealth        | 3 |  3.3
Summonings     | |  1.1
Translocations | |  1.4

Action                   |  1- 3 |  4- 6 |  7- 9 || total
-------------------------+-------+-------+-------++-------
 Cast: Magic Dart        |   125 |   112 |    72 ||   309
       Conjure Flame     |       |     5 |       ||     5
       Mephitic Cloud    |       |     3 |     3 ||     6
       Blink             |       |     1 |     1 ||     2
  Use: Scroll            |       |     3 |     5 ||     8
       Potion            |       |       |     1 ||     1
  Eat: Chunk             |     4 |     7 |       ||    11
       Ration            |       |       |     1 ||     1
Armor: Robe              |    13 |       |     4 ||    17
Dodge: Dodged            |    29 |     6 |    24 ||    59
